 Dungeon Crawl Stone Soup version 0.30-a0-778-g2ef04afb54 (console) character file.

Game seed: 2415932122389940122

233 rlgrobin the Chopper (level 6, -1/49 (51) HPs)
             Began as a Meteoran Fighter on Feb 17, 2023.
             Was an Initiate of Kikubaaqudgha.
             Slain by a wight
             ... wielding a +2 halberd
              (3 damage)
             ... on level 6 of the Dungeon.
             The game lasted 00:03:12 (590 turns).

rlgrobin the Chopper (Meteoran Fighter)              Turns: 590, Time: 00:03:13

HP:   -1/49 (51)    AC:  8    Str: 20    XL:     6   Next: 50%
MP:   7/7           EV:  9    Int:  9    God:    Kikubaaqudgha [......]
Gold: 92            SH:  5    Dex: 14    Spells: 5/5 levels left

rFire   . . .      SeeInvis .    a - +0 war axe
rCold   . . .      Faith    .    c - +0 buckler
rNeg    . . .      Spirit   .    b - +0 scale mail
rPois   .          Reflect  .    m - +0 helmet
rElec   .          Harm     .    (no cloak)
rCorr   .          Rampage  .    (no gloves)
Will    +....                    (no boots) Stlth
                                 (no amulet)
HPRegen 0.28/turn                n - ring of willpower
MPRegen 0.10/turn                h - ring of flight

@: mighty, flying, glowing, lightly drained
A: sense surroundings 1, otherworldly, glowing, explore regen
a: Renounce Religion


You were on level 6 of the Dungeon.
You worshipped Kikubaaqudgha.
Kikubaaqudgha was noncommittal.
You visited 1 branch of the dungeon, and saw 6 of its levels.

You collected 92 gold pieces.

Inventory:

Hand Weapons
 a - a +0 war axe (weapon)
 k - a +0 hand axe of flaming
Missiles
 g - 5 silver javelins (quivered)
Armour
 b - a +0 scale mail (worn)
 c - a +0 buckler (worn)
 m - a +0 helmet (worn)
Jewellery
 e - a ring of positive energy
 h - a ring of flight (right hand)
 n - a ring of willpower (left hand)
Wands
 j - a wand of flame (4)
 l - a wand of polymorph (5)
Scrolls
 f - 3 scrolls of poison {unknown}
 o - a scroll of identify {unknown}
 p - a scroll of amnesia {unknown}
 q - a scroll of noise {unknown}
 r - a scroll of magic mapping {unknown}
Potions
 i - 3 potions of heal wounds {unknown}


   Skills:
 - Level 3.2 Fighting
 + Level 7.4 Axes
 - Level 3.6 Armour
 - Level 3.6 Shields


You had 5 spell levels left.
You didn't know any spells.
Your spell library contained the following spells:

 Spells                   Type           Power      Damage    Failure   Level
 Apportation              Tloc           0%         N/A       83%         1
 Vhi's Electric Charge    Tloc/Air       0%         N/A       99%         3
 Alistair's Intoxication  Tmut/Pois      0%         N/A       100%        5
 Arcjolt                  Conj/Air       0%         1d10      100%        5
 Maxwell's Capacitive Co  Air            0%         ∞         100%        8


Dungeon Overview and Level Annotations

Branches:
Dungeon (6/15) Zot: 2974
 Temple: D:4-7

Altars:
Kikubaaqudgha
Yredelemnul


Innate Abilities, Weirdness & Mutations

You passively map a small area around you.
You are easily found by Zot.
You glow in the dark.
You regain HP and MP as you explore.


Message History

Your life force feels restored.
You have reached level 6!
You feel stronger.
You barely miss the wight.
The wight is lightly damaged.
You slash the orc!
You kill the orc!
Kikubaaqudgha accepts your kill. The wight misses you.
You slash the wight!
The wight is almost destroyed.
The wight closely misses you.
You closely miss the wight.
The wight is almost destroyed.
The wight closely misses you.
You barely miss the wight.
The wight is almost destroyed.
You block the wight's attack.
You slash the wight!
You destroy the wight!
Kikubaaqudgha accepts your kill.
A wight comes into view. It is wielding a +2 halberd.
Your Axes skill increases to level 7!
Things that are here:
a +0 great sword; a +0 robe The wight barely misses you.
The wight hits you with a +2 halberd!
You closely miss the wight. The wight hits you with a +2 halberd!!
* * * LOW HITPOINT WARNING * * *
You are too injured to fight recklessly!
You are too injured to fight recklessly!
You are too injured to fight recklessly!
You barely miss the wight. The wight hits you with a +2 halberd.
* * * LOW HITPOINT WARNING * * *
You feel drained.
You closely miss the wight. The wight hits you with a +2 halberd!
* * * LOW HITPOINT WARNING * * *
You feel drained.
You die...
Kikubaaqudgha rasps: "You have failed me!
Welcome... death!"

,#...... * , * ,#.....
* *#.... ,, #####... ,
, #......##### * , ,
#.....)....### * ,
#.....)......########
##..................##
#....@.......|........
#...z###..............
#.... #..............
#.... #..............
#.... ######.........
######################
#..........# #
#########.########.# #
#................#.# #


You could see a wight.

Vanquished Creatures
  2 wights (D:6)
  An orc priest (D:5)
  An orc wizard (D:5)
  Robin (D:3)
  2 adders
  A dart slug (D:1)
  3 orcs
  4 bats (D:1)
  2 endoplasms
  7 hobgoblins
  4 kobolds (D:1)
  A quokka (D:2)
  5 ball pythons
  10 goblins
  A rat (D:2)
45 creatures vanquished.

Vanquished Creatures (others)
  A human (D:4)
1 creature vanquished.

Grand Total: 46 creatures vanquished

Notes
Turn   | Place    | Note
-------+----------+-------------------------------------------
     0 | D:1      | rlgrobin the Meteoran Fighter began the quest for the Orb.
     0 | D:1      | Reached XP level 1. HP: 19/19 MP: 2/2
    41 | D:1      | Reached skill level 3 in Axes
    41 | D:1      | Reached XP level 2. HP: 12/26 MP: 3/3
   147 | D:1      | Reached XP level 3. HP: 31/31 MP: 4/4
   226 | D:2      | Reached skill level 4 in Axes
   278 | D:3      | Reached XP level 4. HP: 26/38 MP: 5/5
   296 | D:3      | Noticed Robin
   299 | D:3      | Reached skill level 5 in Axes
   313 | D:3      | Killed Robin
   373 | D:4      | Found an ancient bone altar of Kikubaaqudgha.
   379 | D:4      | Noticed a human
   380 | D:4      | Killed a human
   382 | D:4      | Became a worshipper of Kikubaaqudgha
   410 | D:5      | Entered Level 5 of the Dungeon
   422 | D:5      | Reached XP level 5. HP: 20/45 MP: 6/6
   425 | D:5      | Reached skill level 6 in Axes
   436 | D:4      | Noticed an ogre
   452 | D:5      | Found a basalt altar of Yredelemnul.
   579 | D:6      | Reached XP level 6. HP: 29/51 MP: 7/7
   584 | D:6      | Reached skill level 7 in Axes
   590 | D:6      | HP: 2/50 [wight/+2 halberd (9)]
   590 | D:6      | Slain by a wight

Illustrated notes

Levels and vault maps discovered:
D:1:      lemuel_arrival_rhombus, layout_basic
D:2:      layout_loops_ring, grunt_decor_fettered
D:3:      layout_loops_ring, uniq_robin
D:4:      dreamdust_elfheim, layout_rooms, tgw_kikubaaqudgha,
          nemelex_xobeh_ov_fountains_minmay, lemuel_round_altar, sigmund_army
D:5:      layout_basic, lemuel_tele_altar, mainiacjoe_overflow_paths,
          minitemple, temple_hall, dk_noncrumbling_3
D:6:      layout_basic, lemuel_round_altar, mainiacjoe_overflow_alcove_4

Skill      XL: |  1  2  3  4  5  6 |
---------------+-------------------+-----
Axes           | 3 4 5 6 7 |  7.4
Fighting       | |  3.2
Armour         | |  3.6
Shields        | |  3.6

Action                     |  1- 3 |  4- 6 || total
---------------------------+-------+-------++-------
  Melee: War axe           |    68 |    49 ||   117
    Use: Potion            |       |     1 ||     1
 Armour: Scale mail        |    44 |    20 ||    64
  Dodge: Dodged            |    39 |    11 ||    50
  Block: Buckler           |    15 |     5 ||    20

Table legend: (Time is in decaauts)
 A = Elapsed time spent in this place.
 B = Non-inter-level travel time spent in this place.
 C = Inter-level travel time spent in this place.
 D = Time resting spent in this place.
 E = Time spent auto-exploring this place.
 F = Levels seen in this place.
 G = Mean time per level.
                   A        B        C        D        E       F      G
               +--------+--------+--------+--------+--------+-----+--------+
         Total |    624 |    624 |      0 |      0 |      0 |   6 |  104.0 |
       Dungeon |    624 |    624 |      0 |      0 |      0 |   6 |  104.0 |
               +--------+--------+--------+--------+--------+-----+--------+

Top non-repeatable levels by time:
     D:1: 179 daAuts
     D:2: 104 daAuts
     D:5: 94 daAuts
     D:6: 89 daAuts
     D:3: 82 daAuts
     D:4: 74 daAuts
